 Dungeon Crawl Stone Soup version 0.27.1 (webtiles) character file.

Game seed: 1398334000253648903

4778 Mesmaeker13 the Grappler (level 10, 0/90 HPs)
             Began as a Ghoul Warper on Aug 24, 2021.
             Was a Believer of Makhleb.
             Slain by an orc warrior (9 damage)
             ... in a bailey.
             The game lasted 00:14:22 (8839 turns).

Mesmaeker13 the Grappler (Ghoul Warper)             Turns: 8839, Time: 00:14:22

Health: 0/90       AC:  9    Str: 17      XL:     10   Next: 47%
Magic:  11/11      EV: 11    Int:  9 (10) God:    Makhleb [**....]
Gold:   107        SH:  5    Dex:  8      Spells: 12/12 levels left

rFire    . . .     SeeInvis .     - Unarmed
rCold    + . .     Faith    .   (no shield)
rNeg     + + +     Spirit   .   d - +0 scale mail
rPois    ∞         Reflect  +   o - +0 helmet
rElec    .         Harm     .   (no cloak)
rCorr    .         Rampage  .   (no gloves)
Will     .....                  (no boots)
Stlth    ..........             x - amulet of reflection
HPRegen  0.00/turn              g - +4 ring of slaying
MPRegen  0.12/turn              n - ring of flight

@: flying, inhibited regen, studying Long Blades
A: claws 1, cold resistance 1, negative energy resistance 3, inhibited
regeneration, torment resistance 2
a: Renounce Religion, Minor Destruction


You were in a bailey.
You worshipped Makhleb.
Makhleb was pleased with you.
You visited 2 branches of the dungeon, and saw 8 of its levels.
You also visited: Sewer and Bailey.

You collected 227 gold pieces.
You spent 120 gold pieces at shops.

Inventory:

Hand Weapons
 u - a +0 war axe of electrocution
 A - a +5 scythe of freezing
Missiles
 c - 2 boomerangs of dispersal
 l - 13 poisoned darts (quivered)
 s - 2 javelins
 y - 2 boomerangs
Armour
 d - a +0 scale mail (worn)
 o - a +0 helmet (worn)
Jewellery
 g - a +4 ring of slaying (left claw)
 n - a ring of flight (right claw)
 x - an amulet of reflection (around neck)
 z - a ring of magical power
 C - a ring of ice
 G - the ring "Roarchobu" {Fly rPois rN+++ Int+7 Stlth-}
   (You found it in a bailey)

   [ring of poison resistance]

   Int:       It affects your intelligence (+7).
   rPois:     It protects you from poison.
   rN:        It renders you almost immune to negative energy.
   Fly:       It grants you flight.
   Stlth:     It makes you less stealthy.
Scrolls
 a - 2 scrolls of teleportation
 b - a scroll of blinking
 e - 2 scrolls of magic mapping {unknown}
 i - a scroll of summoning {unknown}
 j - 2 scrolls of immolation {unknown}
 k - a scroll of noise {unknown}
 m - 2 scrolls of amnesia {unknown}
 q - 6 scrolls of identify {unknown}
 r - 2 scrolls of torment {unknown}
 v - 2 scrolls of fear {unknown}
 B - a scroll of silence {unknown}
Potions
 h - 3 potions of curing
 p - a potion of berserk rage {unknown}
 t - 3 potions of flight
 w - a potion of heal wounds
 D - a potion of degeneration {unknown}
 E - a potion of mutation
 F - a potion of invisibility {unknown}


   Skills:
 + Level 8.9 Fighting
 - Level 0.8 Throwing
 + Level 7.2 Armour
 - Level 6.2 Dodging
 + Level 8.9 Unarmed Combat
 - Level 1.7 Spellcasting
 - Level 2.6 Translocations


You had 12 spell levels left.
You didn't know any spells.
Your spell library contained the following spells:

 Spells                   Type           Power      Damage    Failure   Level
 Blink                    Tloc           N/A        N/A       45%         2
 Animate Skeleton         Necr           0%         N/A       69%         1
 Freeze                   Ice            0%         1d3       69%         1
 Pain                     Necr           0%         1d4       69%         1
 Gell's Gravitas          Tloc           2%         N/A       69%         3
 Lesser Beckoning         Tloc           2%         N/A       69%         3
 Teleport Other           Tloc           5%         N/A       69%         3
 Frozen Ramparts          Ice            0%         1d2       96%         3
 Vampiric Draining        Necr           0%         2d6       96%         3
 Hailstorm                Conj/Ice       0%         3d3       100%        4
 Manifold Assault         Tloc           5%         N/A       100%        5


Dungeon Overview and Level Annotations

Branches:
Dungeon (7/15)             Temple (1/1) D:4           Sewer (visited)
 Bailey (1/1)

Altars:
Ashenzari
Cheibriados
Dithmenos
Elyvilon
Fedhas
Gozag
Hepliaklqana
Kikubaaqudgha
Makhleb
Nemelex Xobeh
Okawaru
Qazlal
Ru
Sif Muna
Trog
Uskayaw
Vehumet
Wu Jian
Xom
Yredelemnul
Zin
The Shining One

Shops:
D:6 *

Annotations:
D:5 Dowan, Duvessa


Innate Abilities, Weirdness & Mutations

You thrive by killing the living.
You are immune to poison.
You have sharp fingernails.
Your flesh is cold resistant. (rC+)
You are immune to negative energy. (rN+++)
You do not regenerate when monsters are visible.
You are immune to unholy pain and torment.


Message History

You enter a permanent teleport trap!
Your surroundings suddenly seem different.
Things that are here:
a +0 arbalest; 23 bolts; a +0 ring mail You start resting.
You feel less attractive to monsters.
You start resting.
An orc warrior is nearby!
The orc warrior shouts!
You hear a shout!
The orc warrior shoots a bolt.
The bolt hits you!
The orc warrior shoots a bolt.
The bolt barely misses you.
The orc warrior shouts!
The orc warrior shoots a bolt.
The bolt hits you!
The orc warrior shoots a bolt.
The bolt hits you!
You completely miss the orc warrior.
The orc warrior unwields a +0 arbalest.
The orc warrior barely misses you.
The orc warrior hits you but does no damage.
You barely miss the orc warrior. You scratch the orc warrior.
The orc warrior is lightly wounded.
The orc warrior misses you.
The orc warrior hits you from afar with a +0 glaive!!
You claw the orc warrior!
The orc warrior is heavily wounded.
The orc warrior hits you but does no damage.
The orc warrior hits you from afar with a +0 glaive!
* * * LOW HITPOINT WARNING * * *
You mangle the orc warrior!!
You kill the orc warrior!
Makhleb accepts your kill.
You feel better.
The orc warrior hits you from afar with a +0 glaive!
* * * LOW HITPOINT WARNING * * *
The orc warrior hits you from afar with a +0 glaive!
* * * LOW HITPOINT WARNING * * *
Things that are here:
a +0 arbalest; 27 bolts; a +0 ring mail Unknown command.
The orc warrior hits you from afar with a +0 glaive!
You die...

############################
..........................∩#
....................)....∩.#
................@..........#
...........................#
..................o).......#
...........................#
...............≈≈≈≈≈.......#
..............≈≈#.#≈≈......#
....).........≈##.##≈......#
..............≈..^.)≈).....#
.............)≈#∩.##≈......#


You could see an orc warrior.

Vanquished Creatures
  Pikel (D:5)
  The ghost of SeagullWaffle the Insei, a novice OpTm of Cheibriados (D:6)
  A gargoyle (D:6)
  Grinder (D:5)
  A shadow (D:6)
  A wyvern (D:4)
  Sigmund (D:2)
  A yak (D:6)
  A steam dragon (D:6)
  A water moccasin (D:4)
  9 orc warriors (Bailey)
  A sky beast (D:6)
  An ice beast (D:6)
  A necrophage (D:5)
  2 centaurs
  A kobold brigand (Sewer)
  A lemure (D:5)
  2 phantoms (D:4)
  A bullfrog (D:7)
  4 scorpions
  A wyvern zombie (D:5)
  4 wights (D:7)
  A howler monkey (D:5)
  2 jellies (D:5)
  2 hounds (D:6)
  2 centaur skeletons
  A bullfrog skeleton (D:6)
  2 iguanas
  An orc wizard (D:6)
  Terence (D:3)
  Robin (D:3)
  5 gnolls
  8 adders
  A howler monkey zombie (D:3)
  2 river rats (Sewer)
  A shadow imp (D:7)
  A white imp (D:6)
  2 worms
  2 dart slugs
  16 orcs
  6 ball pythons
  2 endoplasms
  7 giant cockroaches
  13 goblins
  18 hobgoblins
  9 jackals
  4 kobolds
  5 quokkas
  4 bats
  3 frilled lizards
  5 rats
165 creatures vanquished.

Notes
Turn   | Place    | Note
-------+----------+-------------------------------------------
     0 | D:1      | Mesmaeker13 the Ghoul Warper began the quest for the Orb.
     0 | D:1      | Reached XP level 1. HP: 17/17 MP: 2/2
   116 | D:1      | Reached skill level 1 in Armour
   214 | D:1      | Reached XP level 2. HP: 20/25 MP: 3/3
   784 | D:2      | Noticed Sigmund
  1128 | D:3      | Noticed Terence
  1143 | D:3      | Killed Terence
  1144 | D:3      | Reached XP level 3. HP: 20/30 MP: 4/4
  1487 | D:3      | Reached XP level 4. HP: 35/37 MP: 5/5
  1772 | D:3      | Noticed Robin
  1817 | D:3      | Killed Robin
  2237 | D:4      | Found a glowing drain.
  2276 | Sewer    | Entered a sewer
  2302 | Sewer    | Reached XP level 5. HP: 27/45 MP: 6/6
  2523 | Sewer    | Noticed a kobold brigand
  2547 | Sewer    | Killed a kobold brigand
  2658 | D:4      | Found a staircase to the Ecumenical Temple.
  2669 | Temple   | Entered the Ecumenical Temple
  2919 | Temple   | Became a worshipper of Makhleb the Destroyer
  2999 | D:4      | Noticed a phantom
  3016 | D:4      | Killed a phantom
  3017 | D:4      | Reached XP level 6. HP: 46/52 MP: 7/7
  3347 | D:4      | Reached XP level 7. HP: 52/60 MP: 8/8
  3460 | D:4      | Noticed a wyvern
  3471 | D:4      | Killed a wyvern
  3522 | D:4      | Reached skill level 5 in Unarmed Combat
  3652 | D:4      | Reached skill level 5 in Fighting
  3970 | D:5      | Entered Level 5 of the Dungeon
  3981 | D:5      | Noticed Grinder
  4001 | D:5      | Killed Grinder
  4002 | D:5      | Reached XP level 8. HP: 44/68 MP: 9/9
  4296 | D:5      | Found an ornate altar of the Wu Jian Council.
  4323 | D:5      | Reached * piety under Makhleb
  4377 | D:5      | Noticed Duvessa
  4393 | D:5      | Noticed Dowan
  5019 | D:2      | Killed Sigmund
  5020 | D:2      | Reached skill level 5 in Dodging
  5560 | D:6      | Reached ** piety under Makhleb
  5573 | D:6      | Noticed a shadow
  5585 | D:6      | Killed a shadow
  5586 | D:6      | Reached skill level 5 in Armour
  5586 | D:6      | Reached XP level 9. HP: 49/78 MP: 10/10
  5700 | D:6      | Found Hurido's Assorted Antiques.
  5704 | D:6      | Bought a knobbly golden ring for 120 gold pieces
  5736 | D:6      | Noticed Pikel
  5950 | D:5      | Killed Pikel
  6183 | D:6      | Found a runed translucent door.
  6185 | D:6      | Noticed SeagullWaffle's ghost (novice OpTm)
  6222 | D:6      | Noticed a gargoyle
  6230 | D:6      | Killed a gargoyle
  6762 | D:6      | Found a shimmering blue altar of Sif Muna.
  6777 | D:6      | Found a snail-covered altar of Cheibriados.
  6994 | D:6      | Killed SeagullWaffle's ghost
  6995 | D:6      | Reached XP level 10. HP: 75/88 MP: 11/11
  7098 | D:7      | Found an opulent altar of Gozag.
  7476 | D:7      | Found a flagged portal.
  7496 | Bailey   | Entered a bailey
  8328 | Bailey   | Reached *** piety under Makhleb
  8495 | Bailey   | Identified the ring "Roarchobu" {Fly rPois rN+++ Int+7
                  | Stlth-}
  8497 | Bailey   | Noticed an orc knight
  8839 | Bailey   | Slain by an orc warrior

Illustrated notes

Levels and vault maps discovered:
D:1:      minmay_arrival_plants_in_alcoves, layout_basic, item_on_display_a
D:2:      layout_basic, minmay_bisected, uniq_sigmund
D:3:      layout_loops_corners, grunt_decor_cap, uniq_terence, uniq_robin
D:4:      layout_basic, minmay_temple_entry_mini_moons, gup_sewer_entry_glass,
          minmay_stone_trees_small, minmay_manual_monstrance
D:5:      layout_loops_ring, lemuel_tele_altar, minivault_27,
          uniq_crazy_yiuf_cottage, uniq_duvessa, uniq_blork_the_orc,
          uniq_grinder
D:6:      layout_loops_ring, mainiacjoe_overflow_big_doors,
          hellmonk_ghost_happy_afterlife, serial_shops, nicolae_shop_trees,
          minmay_starry_boxes, uniq_pikel
D:7:      layout_loops_corners, nicolae_overflow_crystal_walls, enter_bailey_4,
          minivault_10
Temple:   dpeg_five_rooms_temple
Bailey:   bailey_polearm_2, bailey

Skill      XL: |  1  2  3  4  5  6  7  8  9 10 |
---------------+-------------------------------+-----
Armour         | 1 2 3 4 5 6 7 |  7.2
Dodging        | 2 3 4 5 6 |  6.2
Unarmed Combat | 3 4 5 6 8 |  8.9
Fighting       | 3 4 5 6 8 |  8.9
Throwing       | |  0.8
Spellcasting   | |  1.7
Translocations | |  2.6

Action                   |  1- 3 |  4- 6 |  7- 9 | 10-12 || total
-------------------------+-------+-------+-------+-------++-------
Melee: Unarmed           |    73 |   131 |   277 |    97 ||   578
       Punch             |       |     2 |     8 |     2 ||    12
Throw: Javelin           |     4 |     8 |       |     3 ||    15
       Boomerang         |     2 |     1 |       |       ||     3
       Throwing net      |       |       |     6 |       ||     6
       Dart              |       |       |     5 |    21 ||    26
Invok: Lesser Servant of |       |       |       |     1 ||     1
  Use: Scroll            |     2 |       |     1 |       ||     3
       Potion            |       |       |       |     5 ||     5
 Stab: Held in net/web   |       |       |     1 |       ||     1
Armor: Scale mail        |    25 |    35 |    90 |    37 ||   187
Dodge: Dodged            |    36 |    62 |   109 |    74 ||   281
Block: Other             |       |       |    16 |    28 ||    44
       Reflection        |       |       |       |     6 ||     6
